 Dungeon Crawl Stone Soup version 0.28.0-45-g0d030f2227 (webtiles) character file.

Game seed: 17581116781126394409

5944 Peloso the Protected (level 10, -5/86 HPs)
             Began as a Minotaur Fighter on Apr 9, 2022.
             Was an Elder of Okawaru.
             Slain by a titanic slime creature (90 damage)
             ... on level 11 of the Dungeon.
             The game lasted 00:17:03 (7294 turns).

Peloso the Protected (Minotaur Fighter)             Turns: 7294, Time: 00:17:05

Health: -5/86      AC: 21    Str: 23    XL:     10   Next: 54%
Magic:  7/9        EV: 10    Int:  5    God:    Okawaru [****..]
Gold:   502        SH: 10    Dex: 12    Spells: 9/9 levels left

rFire   . . .      SeeInvis +   a - +4 long sword (freeze)
rCold   . . .      Faith    .   d - +3 buckler "Oniss" {rPois Regen+ SInv}
rNeg    . . .      Spirit   .   C - +0 plate armour
rPois   +          Reflect  .   (helmet restricted)
rElec   .          Harm     .   (no cloak)
rCorr   .          Rampage  .   (no gloves)
Will    .....                   (no boots)
Stlth   ..........              (no amulet)
HPRegen 1.04/turn               g - +4 ring of protection
MPRegen 0.11/turn               e - ring of flight

@: heroic, flying
A: horns 2, retaliatory headbutt
a: Renounce Religion, Heroism, Finesse


You were on level 11 of the Dungeon.
You worshipped Okawaru.
Okawaru was greatly pleased with you.
You visited 2 branches of the dungeon, and saw 12 of its levels.

You collected 502 gold pieces.

Inventory:

Hand Weapons
 a - a +4 long sword of freezing (weapon)
 b - the +8 dagger "Megetwun" {vorpal, +Blink SInv}
   (You found it on level 3 of the Dungeon)

   It inflicts extra damage upon your enemies.
   SInv:      It lets you see invisible.
   +Blink:    It lets you blink.
 c - a +2 spear of flaming
 E - the +10 spear "Sexken" {vorpal, rElec}
   (You found it on level 7 of the Dungeon)

   It inflicts extra damage upon your enemies.
   rElec:     It insulates you from electricity.
Missiles
 n - 2 throwing nets (quivered)
Armour
 d - the +3 buckler "Oniss" (worn) {rPois Regen+ SInv}
   (You found it on level 2 of the Dungeon)

   rPois:     It protects you from poison.
   SInv:      It lets you see invisible.
   Regen:     It increases your rate of health regeneration.
 o - a +0 scale mail
 p - a +0 chain mail
 C - a +0 plate armour (worn)
Jewellery
 e - a ring of flight (right hand)
 g - a +4 ring of protection (left hand)
 u - a ring of protection from fire
Wands
 m - a wand of digging (6)
 t - a wand of polymorph (8)
 v - a wand of flame (51)
 x - a wand of acid (9)
 B - a wand of paralysis (7)
 F - a wand of mindburst (17)
Scrolls
 f - a scroll of blinking {unknown}
 h - a scroll of silence {unknown}
 j - 5 scrolls of identify
 k - 2 scrolls of noise {unknown}
 l - 5 scrolls of teleportation
 q - a scroll of summoning {unknown}
 r - a scroll of immolation {unknown}
 w - a scroll of acquirement {unknown}
 y - 2 scrolls of magic mapping {unknown}
 A - 2 scrolls of vulnerability {unknown}
Potions
 i - a potion of might
 s - 3 potions of mutation
 z - 4 potions of curing
 D - 3 potions of brilliance {unknown}


   Skills:
 + Level 7.5(12.5) Fighting
 + Level 7.7(14.2) Short Blades
 + Level 8.4(15.0) Long Blades
 + Level 10.6(15.6) Armour
 + Level 2.8(7.8) Dodging
 + Level 0.5(5.5) Stealth
 + Level 9.1(14.1) Shields
 + Level 0.3 Invocations


You had 9 spell levels left.
You didn't know any spells.
Your spell library contained the following spells:

 Spells                   Type           Power      Damage    Failure   Level
 Apportation              Tloc           0%         N/A       99%         1
 Magic Dart               Conj           0%         1d3       99%         1
 Pain                     Necr           0%         1d4       99%         1
 Sublimation of Blood     Necr           0%         N/A       100%        2
 Wereblood                Tmut           0%         N/A       100%        2
 Mephitic Cloud           Conj/Pois/Air  0%         N/A       100%        3
 Vampiric Draining        Necr           0%         2d6       100%        3
 Olgreb's Toxic Radiance  Pois           0%         N/A       100%        4
 Ozocubu's Refrigeration  Ice            0%         4d5       100%        7
 Ignition                 Fire           0%         3d3       100%        8
 Animate Skeleton         Necr           Unusable   N/A       N/A         1
 Summon Small Mammal      Summ           Unusable   N/A       N/A         1
 Call Imp                 Summ           Unusable   N/A       N/A         2
 Summon Hydra             Summ           Unusable   N/A       N/A         7

Dungeon Overview and Level Annotations

Branches:
Dungeon (11/15)            Temple (1/1) D:4
   Lair: D:8-11         Orc: D:9-12

Altars:
Ashenzari
Cheibriados
Dithmenos
Elyvilon
Fedhas
Gozag
Hepliaklqana
Kikubaaqudgha
Nemelex Xobeh
Okawaru
Ru
Sif Muna
Trog
Uskayaw
Vehumet
Wu Jian
Yredelemnul
Zin
The Shining One

Shops:
D:5 (

Annotations:
D:2 Sigmund
D:9 Maurice


Innate Abilities, Weirdness & Mutations

You have a pair of horns on your head.
You reflexively headbutt those who attack you in melee.


Message History

You hit the vampire mosquito. You freeze the vampire mosquito.
You destroy the vampire mosquito!
Okawaru accepts your kill. The slime creature closely misses you.
You furiously retaliate!
You headbutt the slime creature.
The slime creature jiggles.
The slime creature barely misses you.
You see here a vampire mosquito corpse.
You hit the slime creature. You freeze the slime creature.
The slime creature is lightly wounded.
You block the slime creature's attack.
You hit the slime creature. You freeze the slime creature.
You headbutt the slime creature!
The slime creature is moderately wounded.
The slime creature hits you but does no damage.
You hit the slime creature. You freeze the slime creature.
The slime creature is moderately wounded.
The slime creature barely misses you.
You hit the slime creature. You freeze the slime creature.
You headbutt the slime creature!
The slime creature is heavily wounded.
You block the slime creature's attack.
You slash the slime creature! You freeze the slime creature.
The slime creature is almost dead.
The slime creature barely misses you.
You barely miss the slime creature. You headbutt the slime creature!
You kill the slime creature!
Okawaru accepts your kill.
You start resting.
HP restored.
You see here a vampire mosquito corpse.
There is a stone staircase leading down, spattered with blood here.
You gain the combat prowess of a mighty hero.
You fly downwards.
You block the vampire mosquito's attack. x3
The vampire mosquito bites you.
The vampire mosquito draws strength from your injuries!
The titanic slime creature hits you!!!!
Ouch! That really hurt!
You die...

......... .........
........### ..........#
..........#
..........####
........J....#####
......y@y....#...##
.............#....#
.......##...##....##
....... ####.......#
........####.......#
...................#
(.......$.........###..
........................
........#.......#.


You could see a titanic slime creature and 2 vampire mosquitoes.

Vanquished Creatures
  A two-headed ogre (D:9)
  A gargoyle (D:6)
  Maggie (D:8)
  A kobold demonologist (D:9)
  A slime creature (D:10)
  Prince Ribbit (D:6)
  Eustachio (D:4)
  A steam dragon (D:6)
  2 vampire mosquitoes
  3 water moccasins
  Duvessa (D:4)
  A black bear (D:6)
  2 ogres (D:4)
  2 orc warriors
  A centaur (D:9)
  5 kobold brigands
  2 bullfrogs
  Blork the orc (D:4)
  4 gnoll sergeants
  A wyvern zombie (D:6)
  2 water moccasin zombies
  A wyvern skeleton (D:6)
  Dowan (D:4)
  12 wights
  2 howler monkeys (D:8)
  A bullfrog zombie (D:6)
  2 hounds
  A jelly (D:8)
  3 centaur zombies
  7 orc priests
  A centaur skeleton (D:7)
  4 iguanas
  Ijyb (D:5)
  3 orc wizards
  A hound zombie (D:5)
  A hound skeleton (D:4)
  Robin (D:1)
  2 howler monkey skeletons (D:6)
  14 gnolls
  5 adders
  A shadow imp (D:7)
  2 white imps
  An ufetubus (D:6)
  2 worms
  A dart slug (D:2)
  22 orcs
  3 endoplasms
  2 giant cockroaches
  19 goblins
  11 hobgoblins
  6 ball pythons
  3 bats
  2 frilled lizards (D:1)
  19 kobolds
  5 rats
197 creatures vanquished.

Vanquished Creatures (others)
  14 plants (D:2)
14 creatures vanquished.

Grand Total: 211 creatures vanquished

Notes
Turn   | Place    | Note
-------+----------+-------------------------------------------
     0 | D:1      | Peloso the Minotaur Fighter began the quest for the Orb.
     0 | D:1      | Reached XP level 1. HP: 19/19 MP: 0/0
   381 | D:1      | Reached XP level 2. HP: 27/27 MP: 1/1
   850 | D:1      | Found a faded altar of an unknown god.
  1135 | D:2      | Noticed Robin
  1149 | D:1      | Reached skill level 4 in Armour
  1470 | D:1      | Killed Robin
  1471 | D:1      | Reached XP level 3. HP: 5/33 MP: 2/2
  1821 | D:2      | Identified the +3 buckler "Oniss" {rPois Regen+ SInv}
  2168 | D:2      | Noticed Sigmund
  2289 | D:3      | Reached XP level 4. HP: 40/40 MP: 3/3
  2423 | D:3      | Found an opulent altar of Gozag.
  2566 | D:3      | Found a glowing silver altar of Zin.
  2686 | D:3      | Identified the +8 dagger "Megetwun" {vorpal, +Blink SInv}
  2971 | D:4      | Noticed Duvessa
  2971 | D:4      | Noticed Dowan
  2984 | D:4      | Killed Duvessa
  2985 | D:4      | Reached skill level 5 in Armour
  2985 | D:4      | Reached skill level 1 in Dodging
  2985 | D:4      | Reached XP level 5. HP: 41/47 MP: 4/4
  2988 | D:4      | Noticed Eustachio
  2989 | D:4      | Killed Dowan
  3009 | D:4      | Killed Eustachio
  3010 | D:4      | Reached skill level 1 in Short Blades
  3010 | D:4      | Reached skill level 5 in Long Blades
  3010 | D:4      | Reached XP level 6. HP: 50/53 MP: 5/5
  3131 | D:4      | Found a staircase to the Ecumenical Temple.
  3139 | Temple   | Entered the Ecumenical Temple
  3209 | Temple   | Became a worshipper of Warmaster Okawaru
  3227 | D:4      | Reached skill level 5 in Shields
  3227 | D:4      | Reached XP level 7. HP: 60/60 MP: 6/6
  3414 | D:4      | Reached skill level 5 in Fighting
  3414 | D:4      | Reached skill level 6 in Armour
  3507 | D:4      | Noticed Blork the orc
  3514 | D:4      | Killed Blork the orc
  3752 | D:5      | Entered Level 5 of the Dungeon
  3776 | D:5      | Reached * piety under Okawaru
  3832 | D:5      | Noticed Ijyb
  3841 | D:5      | Killed Ijyb
  3926 | D:5      | Found Bohuada's Weapon Boutique.
  3962 | D:5      | Found a radiant altar of Vehumet.
  4089 | D:5      | Reached XP level 8. HP: 65/68 MP: 7/7
  4344 | D:6      | Noticed Prince Ribbit
  4379 | D:6      | Killed Prince Ribbit
  4380 | D:6      | Reached skill level 7 in Armour
  4414 | D:6      | Found a glowing golden altar of the Shining One.
  4472 | D:6      | Reached ** piety under Okawaru
  4561 | D:6      | Found a blossoming altar of Fedhas.
  4563 | D:6      | Found a broken altar of Ashenzari.
  4692 | D:6      | Reached skill level 5 in Short Blades
  4729 | D:6      | Found a shimmering blue altar of Sif Muna.
  4732 | D:6      | Found a bloodstained altar of Trog.
  4732 | D:6      | Found a shadowy altar of Dithmenos.
  4933 | D:6      | Reached skill level 8 in Armour
  4933 | D:6      | Reached XP level 9. HP: 72/75 MP: 8/8
  5122 | D:7      | Reached *** piety under Okawaru
  5145 | D:7      | Noticed a gargoyle
  5249 | D:6      | Killed a gargoyle
  5372 | D:7      | Reached skill level 9 in Armour
  5640 | D:7      | Identified the +10 spear "Sexken" {vorpal, rElec}
  6115 | D:8      | Reached **** piety under Okawaru
  6152 | D:8      | Reached XP level 10. HP: 81/86 MP: 9/9
  6233 | D:8      | Noticed Maggie
  6244 | D:8      | Received a gift from Okawaru
  6251 | D:8      | Killed Maggie
  6252 | D:8      | Reached skill level 10 in Armour
  6838 | D:9      | Found a sparkling altar of Nemelex Xobeh.
  6847 | D:9      | Noticed a two-headed ogre
  6853 | D:9      | Killed a two-headed ogre
  6931 | D:9      | Noticed a soul eater
  7144 | D:9      | Noticed Maurice
  7144 | D:9      | You are sucked into a shaft and drop 2 floors!
  7262 | D:10     | Entered Level 10 of the Dungeon
  7294 | D:11     | Slain by a titanic slime creature

Illustrated notes

Levels and vault maps discovered:
D:1:      dpeg_arrival_circle_labyrinth_c, layout_basic, basic_ecumenical_altar
D:2:      layout_rooms, serial_bayou_lagoon_a, st_stairs_4, feat_on_display,
          uniq_sigmund, uniq_robin
D:3:      layout_basic, pdpol_temple_overflow_zin_treasury_gozag_greed,
          guppyfry_early_orc_mine
D:4:      layout_rooms, minmay_temple_entry_waves, grunt_decor_clamped,
          kennysheep_crisscross, uniq_blork_the_orc, uniq_duvessa,
          uniq_eustachio
D:5:      layout_cave_pools, mainiacjoe_overflow_small_starburst, serial_shops,
          shop, uniq_ijyb
D:6:      layout_loops_ring, nicolae_tso_carved_into_rock,
          nicolae_overflow_hidden_temple, uniq_prince_ribbit1
D:7:      layout_cave_pools
D:8:      layout_basic, uniq_maggie
D:9:      layout_basic, lemuel_coloured_pillars_altar,
          mainiacjoe_overflow_alcove_1,
          ploomutoo_gammafunk_ghost_potion_laboratory, nicolae_water_bricks,
          uniq_joseph, uniq_maurice
D:10:     layout_basic, gammafunk_temple_overflow_statue, david_lair_generic,
          minmay_between
D:11:     layout_cross, serial_shops, nicolae_shop_behind_doors,
          hangedman_decor_points
Temple:   dpeg_three_leaves_temple

Skill      XL: |  1  2  3  4  5  6  7  8  9 10 |
---------------+-------------------------------+-----
Fighting       | 4 5 6 7 |  7.5
Armour         | 4 5 6 8 9 10 | 10.6
Long Blades    | 3 4 5 6 8 |  8.4
Shields        | 4 5 7 8 9 |  9.1
Dodging        | 1 2 |  2.8
Short Blades   | 1 3 5 7 |  7.7
Stealth        | |  0.5
Invocations    | |  0.3

Action                   |  1- 3 |  4- 6 |  7- 9 | 10-12 || total
-------------------------+-------+-------+-------+-------++-------
Melee: Long sword        |   114 |    24 |    33 |    83 ||   254
       Headbutt          |    12 |    13 |    73 |    16 ||   114
       Dagger            |       |    37 |   330 |       ||   367
Invok: Heroism           |       |       |     2 |     3 ||     5
  Use: Scroll            |       |       |     4 |     1 ||     5
       Potion            |       |       |     1 |     1 ||     2
Armor: Scale mail        |    79 |     7 |       |       ||    86
       Chain mail        |       |    14 |    90 |       ||   104
       Plate armour      |       |       |    57 |    50 ||   107
Dodge: Dodged            |    63 |    17 |   113 |    31 ||   224
Block: Buckler           |    35 |    20 |   148 |    57 ||   260
